 Dungeon Crawl Stone Soup version 0.22.0-6-g71bd7aa (webtiles) character file.

136 Sqgman the Shooter (level 5, -1/43 HPs)
             Began as a Gnoll Wanderer on Aug 15, 2018.
             Slain by Edmund
             ... wielding a +2 flail of draining
              (3 damage)
             ... on level 4 of the Dungeon.
             The game lasted 00:11:18 (2336 turns).

Sqgman the Shooter (Gnoll Wanderer)                 Turns: 2336, Time: 00:11:18

Health: -1/43      AC:  6    Str: 15      XL:     5   Next: 19%
Magic:  7/7        EV:  3    Int: 13      God:
Gold:   137        SH:  4    Dex: 13 (14) Spells: 6/6 levels left

rFire    . . .     SeeInvis .   a - +2 hand axe
rCold    . . .     Gourm    .   (no shield)
rNeg     . . .     Faith    .   j - +0 plate armour
rPois    .         Spirit   .   (no helmet)
rElec    .         Reflect  .   (no cloak)
rCorr    .         Harm     .   n - +0 pair of gloves
MR       .....                  (no boots)
Stlth    ..........             (no amulet)
HPRegen  0.14/turn              k - ring of wizardry
MPRegen  0.10/turn              (no ring)

@: heavily drained
A: distributed training, fangs 1, large bone plates 1, deformed body,
deterioration 1, weak 1, strong nose
a: no special abilities


You were on level 4 of the Dungeon.
You were not hungry.

You visited 1 branch of the dungeon, and saw 4 of its levels.

You collected 137 gold pieces.

Inventory:

Hand Weapons
 a - a +2 hand axe (weapon)
 b - a +0 hand crossbow
 d - a +0 shortbow
 h - a +1 hand axe of freezing
Missiles
 c - 24 bolts
 e - 73 arrows
 l - 7 poisoned javelins (quivered)
Armour
 f - a +0 robe
 j - a +0 plate armour (worn)
 n - a +0 pair of gloves (worn)
Jewellery
 k - a ring of wizardry (left hand)
Wands
 q - a wand of digging (18)
Scrolls
 m - 3 scrolls of identify
 o - 2 scrolls of teleportation
 r - a scroll of magic mapping
Potions
 i - 3 potions of haste
 p - a potion of curing
 s - a potion of agility {unknown}
Comestibles
 g - 8 rations


   Skills:
 + Level 4.7(2.5) Fighting
 + Level 1.3(0.0) Short Blades
 + Level 1.3(0.0) Long Blades
 + Level 6.6(4.3) Axes
 + Level 1.3(0.0) Maces & Flails
 + Level 1.3(0.0) Polearms
 + Level 1.3(0.0) Staves
 + Level 1.3(0.0) Slings
 + Level 6.6(4.3) Bows
 + Level 1.3(0.0) Crossbows
 + Level 1.3(0.0) Throwing
 + Level 1.3(0.0) Armour
 + Level 1.3(0.0) Dodging
 + Level 2.7(0.5) Stealth
 + Level 2.9(0.7) Shields
 + Level 1.3(0.0) Unarmed Combat
 + Level 1.3(0.0) Spellcasting
 + Level 1.1(0.0) Conjurations
 + Level 1.1(0.0) Hexes
 + Level 1.1(0.0) Charms
 + Level 1.1(0.0) Summonings
 + Level 1.1(0.0) Necromancy
 + Level 1.1(0.0) Translocations
 + Level 1.1(0.0) Transmutations
 + Level 1.1(0.0) Fire Magic
 + Level 1.1(0.0) Ice Magic
 + Level 1.1(0.0) Air Magic
 + Level 1.1(0.0) Earth Magic
 + Level 1.1(0.0) Poison Magic
 + Level 1.5(0.0) Invocations
 + Level 1.3(0.0) Evocations


You had 6 spell levels left.
You didn't know any spells.
Your spell library was empty.

Dungeon Overview and Level Annotations

Branches:
Dungeon (4/15)
 Temple: D:4-7

Altars:
Sif Muna
Trog

Annotations:
D:4 Edmund


Innate Abilities, Weirdness & Mutations

Your experience applies equally to all skills.
You have very sharp teeth.
Your uncanny sense of smell can sniff out nearby items.
You are partially covered in large bone plates. (SH +4)
Armour fits poorly on your strangely shaped body.
Your body sometimes deteriorates upon taking damage.
You are weak. (Str -2)


Message History

Edmund hits you with a flail of draining.
You feel drained.
You hit Edmund. Your bite misses Edmund.
Edmund is heavily wounded.
You hit Edmund but do no damage.
Edmund is heavily wounded.
Edmund hits you with a flail of draining.
You feel drained.
* * * LOW HITPOINT WARNING * * *
You slash Edmund!
Edmund is severely wounded.
Edmund hits you with a flail of draining.
* * * LOW HITPOINT WARNING * * *
You feel drained.
You slash Edmund!
Edmund is almost dead.
Edmund hits you with a flail of draining!
* * * LOW HITPOINT WARNING * * *
You feel drained.
You die...

#### ...# ######
...# ##....
...#########
#..?.∆
...'.......####..#
...####..........#
.....>+.......!..#
.####.#..........#
..###+#.........@#
#.#.............@#
.#.....+#+####..#
.......+ #..#
...... #..# ......
#..# ..... #..#
#..#


You could see Edmund.

Vanquished Creatures
  2 orc priests (D:3)
  2 oozes (D:1)
  A worm (D:3)
  A dart slug (D:1)
  3 leopard geckos
  6 orcs (D:3)
  3 giant cockroaches
  9 goblins
  9 hobgoblins
  2 jackals (D:3)
  2 kobolds (D:1)
  4 bats
  5 frilled lizards
  2 rats
51 creatures vanquished.

Notes
Turn   | Place    | Note
-------+----------+-------------------------------------------
     0 | D:1      | Sqgman the Gnoll Wanderer began the quest for the Orb.
     0 | D:1      | Sqgman set off with: a +2 hand axe, a +0 hand crossbow, 24 bolts, a +0 shortbow, 26 arrows, a +0 robe, a ration
     0 | D:1      | Reached XP level 1. HP: 20/20 MP: 1/1
   142 | D:1      | Gained mutation: You are weak. (Str -2) [potion of mutation]
   142 | D:1      | Gained mutation: Your body sometimes deteriorates upon taking damage. [potion of mutation]
   142 | D:1      | Gained mutation: Armour fits poorly on your strangely shaped body. [potion of mutation]
   142 | D:1      | Gained mutation: You are partially covered in large bone plates. (SH +4) [potion of mutation]
   162 | D:1      | Reached XP level 2. HP: 17/26 MP: 2/2
   599 | D:1      | Reached XP level 3. HP: 21/31 MP: 3/3
  1101 | D:2      | Reached skill level 1 in Invocations
  1479 | D:3      | Reached skill level 1 in Short Blades
  1479 | D:3      | Reached skill level 1 in Long Blades
  1479 | D:3      | Reached skill level 1 in Maces & Flails
  1479 | D:3      | Reached skill level 1 in Polearms
  1479 | D:3      | Reached skill level 1 in Staves
  1479 | D:3      | Reached skill level 1 in Slings
  1479 | D:3      | Reached skill level 1 in Crossbows
  1479 | D:3      | Reached skill level 1 in Throwing
  1479 | D:3      | Reached skill level 1 in Armour
  1479 | D:3      | Reached skill level 1 in Dodging
  1479 | D:3      | Reached skill level 1 in Unarmed Combat
  1479 | D:3      | Reached skill level 1 in Spellcasting
  1479 | D:3      | Reached skill level 1 in Evocations
  1528 | D:3      | Reached XP level 4. HP: 38/38 MP: 5/5
  1766 | D:3      | HP: 1/38 [orc priest/nerve-wracking pain (5)]
  1769 | D:3      | Reached skill level 1 in Conjurations
  1769 | D:3      | Reached skill level 1 in Hexes
  1769 | D:3      | Reached skill level 1 in Charms
  1769 | D:3      | Reached skill level 1 in Summonings
  1769 | D:3      | Reached skill level 1 in Necromancy
  1769 | D:3      | Reached skill level 1 in Translocations
  1769 | D:3      | Reached skill level 1 in Transmutations
  1769 | D:3      | Reached skill level 1 in Fire Magic
  1769 | D:3      | Reached skill level 1 in Ice Magic
  1769 | D:3      | Reached skill level 1 in Air Magic
  1769 | D:3      | Reached skill level 1 in Earth Magic
  1769 | D:3      | Reached skill level 1 in Poison Magic
  1775 | D:3      | Reached XP level 5. HP: 28/43 MP: 6/6
  2074 | D:3      | Found a bloodstained altar of Trog.
  2222 | D:3      | Found a deep blue altar of Sif Muna.
  2321 | D:4      | Noticed Edmund
  2336 | D:4      | HP: 2/43 [Edmund/flail of draining (7)]
  2336 | D:4      | Slain by Edmund

Skill      XL: |  1  2  3  4 |
---------------+-------------+-----
Invocations    | 1 |  1.5
Short Blades   | 1 |  1.3
Long Blades    | 1 |  1.3
Maces & Flails | 1 |  1.3
Polearms       | 1 |  1.3
Staves         | 1 |  1.3
Slings         | 1 |  1.3
Crossbows      | 1 |  1.3
Throwing       | 1 |  1.3
Armour         | 1 |  1.3
Dodging        | 1 |  1.3
Unarmed Combat | 1 |  1.3
Spellcasting   | 1 |  1.3
Evocations     | 1 |  1.3
Conjurations   | 1 |  1.1
Hexes          | 1 |  1.1
Charms         | 1 |  1.1
Summonings     | 1 |  1.1
Necromancy     | 1 |  1.1
Translocations | 1 |  1.1
Transmutations | 1 |  1.1
Fire Magic     | 1 |  1.1
Ice Magic      | 1 |  1.1
Air Magic      | 1 |  1.1
Earth Magic    | 1 |  1.1
Poison Magic   | 1 |  1.1
Fighting       | |  4.7
Axes           | |  6.6
Bows           | |  6.6
Stealth        | |  2.7
Shields        | |  2.9

Action                   |  1- 3 |  4- 6 || total
-------------------------+-------+-------++-------
Melee: Hand axe          |    70 |    50 ||   120
       Bite              |     3 |     6 ||     9
Throw: Javelin           |    26 |       ||    26
  Use: Potion            |     4 |     1 ||     5
       Scroll            |     6 |     2 ||     8
 Stab: Sleeping          |     5 |       ||     5
  Eat: Chunk             |     2 |     1 ||     3
       Ration            |       |     1 ||     1
Armor: Robe              |     7 |       ||     7
       Plate armour      |    45 |    13 ||    58
Dodge: Dodged            |    38 |     5 ||    43
Block: Other             |    21 |     3 ||    24
